 Dungeon Crawl Stone Soup version 0.28-a0-604-g249bb1af34 (webtiles) character file.

Game seed: 5099014249066286101

20 CurlyBrace the Firebug (level 2, -2/11 HPs)
             Began as a Felid Fire Elementalist on Oct 4, 2021.
             Killed from afar by Grinder (8 damage)
             ... with a puff of flame
             ... on level 4 of the Dungeon.
             The game lasted 00:04:39 (371 turns).

CurlyBrace the Firebug (Felid Fire Elementalist)     Turns: 371, Time: 00:04:40

Health: -2/11      AC:  1    Str:  4    XL:     2   Next: 58%
Magic:  6/6        EV: 32    Int: 16    God:
Gold:   70         SH:  0    Dex: 16    Spells: 2/5 levels left
                                        Lives:  0   Deaths: 0

rFire   . . .      SeeInvis +   (weapon unavailable)
rCold   . . .      Faith    .   (shield unavailable)
rNeg    . . .      Spirit   .   (armour unavailable)
rPois   .          Reflect  .   (helmet unavailable)
rElec   .          Harm     .   (cloak unavailable)
rCorr   +          Rampage  .   (gloves unavailable)
Will    .....                   (boots unavailable)
Stlth   ++........              b - amulet of the acrobat
HPRegen 0.03/turn               k - ring of resist corrosion
MPRegen 0.10/turn               (no ring)

@: acrobatic, quick
A: very small, claws 1, fangs 3, see invisible, speed 1, shaggy fur 1, stealthy
paws, no weapons or thrown items, no armour, multi-lived
a: no special abilities


You were on level 4 of the Dungeon.
You visited 1 branch of the dungeon, and saw 5 of its levels.

You collected 70 gold pieces.

Inventory:

Jewellery
 a - a ring of ice
   (You found it on level 4 of the Dungeon)
 b - an amulet of the acrobat (around neck)
   (You found it on level 4 of the Dungeon)
 k - a ring of resist corrosion (left paw)
   (You found it on level 1 of the Dungeon)


   Skills:
 + Level 0.0 Fighting
 - Level 2.6 Dodging
 - Level 3.0 Stealth
 * Level 2.3 Spellcasting
 + Level 1.2 Conjurations
 * Level 3.0 Fire Magic


You had 2 spell levels left.
You knew the following spells:

 Your Spells              Type           Power      Damage    Failure   Level
a - Foxfire               Conj/Fire      32%        2x1d5     9%          1
b - Scorch                Fire           22%        2d6       9%          2

Your spell library contained the following spells:

 Spells                   Type           Power      Damage    Failure   Level
 Conjure Flame            Conj/Fire      8%         6-21      26%         3
 Inner Flame              Hex/Fire       6%         N/A       32%         3
 Flame Wave               Conj/Fire      8%         3d4       63%         4


Dungeon Overview and Level Annotations

Branches:
Dungeon (5/15)
 Temple: D:4-7

Altars:
Ashenzari
Hepliaklqana
Wu Jian

Shops:
D:1 ?

Annotations:
D:3 exclusion: upstairs
D:4 Grinder


Innate Abilities, Weirdness & Mutations

You have sharp claws.
You have razor-sharp teeth.
You have supernaturally acute eyesight. (SInv)
You cover ground quickly. (Speed+)
You are covered in fur. (AC +1)
Your paws help you pounce on unaware monsters.
You are incapable of wielding weapons or throwing items.
You cannot wear armour.
You gain extra lives every three experience levels.


Message History

There is a stone staircase leading down here.
You climb downwards.
The iguana hisses angrily.
Found a whip.
There is a stone staircase leading up here.
A necrophage comes into view.
Found a stone staircase leading up.
Found a war axe and a mace.
There is a stone staircase leading up here.
You climb upwards.
An adder skeleton comes into view.
There is a stone staircase leading down here.
A giant cockroach comes into view.
Casting: Foxfire (safe; 9% risk of failure)
Confirm with . or Enter, or press ? or * to list all spells.
You conjure some foxfire!
The giant cockroach barely misses you.
The foxfire hits the giant cockroach but does no damage.
The foxfire hits the giant cockroach.
You kill the giant cockroach!
You see here a giant cockroach corpse.
Found a dagger.
Found a dented ruby amulet and 10 gold pieces.
There is an open door here.
You see here an amulet of the acrobat.
b - an amulet of the acrobat You start putting on your amulet.
You continue putting on your amulet of the acrobat. x5
You finish putting on your amulet of the acrobat.
You feel ready to tumble and roll out of harm's way.
b - an amulet of the acrobat (around neck) Unknown command.
You see here 10 gold pieces.
You now have 70 gold pieces (gained 10).
You open the door.
There is an open door here.
Grinder comes into view.
She is carrying a wand of flame (27).
Grinder shouts!
You hear a shout!
Grinder zaps a wand.
The puff of flame hits you!
Ouch! That really hurt!
You die...

.#.#.#.#. ....#
#.[.
.#...#########...#
#...#
.#...#.......#...#
#....
.#...#.......#...#
#....
.#...'.......#...#
##...
.#...#.......'...#
###
.#...#.......#...#
#...#.......#...+
#...#.......#..@#
#...#.......#...#
.
#.).#########...#
# #... ......
5.......
###...≈...
...P≈P.. .....P..#


You could see Grinder.

Vanquished Creatures
  A dart slug (D:1)
  3 orcs (D:4)
  2 ball pythons
  2 endoplasms
  A giant cockroach (D:4)
  A goblin (D:1)
  A kobold (D:3)
  A quokka (D:4)
  A bat (D:1)
13 creatures vanquished.

Vanquished Creatures (others)
  A butterfly (D:5)
  38 foxfires
39 creatures vanquished.

Grand Total: 52 creatures vanquished

Notes
Turn   | Place    | Note
-------+----------+-------------------------------------------
     0 | D:1      | CurlyBrace the Felid Fire Elementalist began the quest for
                  | the Orb.
     0 | D:1      | Reached XP level 1. HP: 7/7 MP: 4/4
    10 | D:1      | Found Toitefi's Magic Scroll Shoppe.
    16 | D:1      | Reached skill level 1 in Conjurations
   118 | D:3      | Reached XP level 2. HP: 4/11 MP: 0/6
   121 | D:3      | Learned a level 2 spell: Scorch
   170 | D:5      | Entered Level 5 of the Dungeon
   199 | D:4      | Found an ornate altar of the Wu Jian Council.
   199 | D:4      | Found a broken altar of Ashenzari.
   200 | D:4      | Found a hazy altar of Hepliaklqana.
   221 | D:4      | Noticed a black bear
   329 | D:5      | Noticed a necrophage
   371 | D:4      | Noticed Grinder
   371 | D:4      | Killed from afar by Grinder

Illustrated notes

Levels and vault maps discovered:
D:1:      erik_arrival_blinker_ship, layout_basic, serial_shops, shop
D:2:      layout_basic, ebering_ecumenical_altar_ruins, serial_shops, shop,
          uniq_natasha, uniq_terence
D:3:      minmay_chambers_of_threes, layout_loops_corners, lemuel_tele_altar
D:4:      layout_basic, tso_oasis_becter, gammafunk_temple_overflow_claw,
          hangedman_decor_points, st_stairs_10, uniq_pikel, uniq_grinder
D:5:      layout_basic, chei_slow_surprise, nicolae_elyvilon_peaceful_grove,
          mainiacjoe_overflow_big_doors, hangedman_minor_gate_pass

Skill      XL: |  1  2 |
---------------+-------+-----
Conjurations   | 1 |  1.2
Fire Magic     | 3 |  3.0
Stealth        | 3 |  3.0
Dodging        | |  2.6
Spellcasting   | |  2.3

Action                   || total
-------------------------++-------
Melee: Unarmed           ||     3
 Cast: Foxfire           ||    23
  Use: Scroll            ||     2
Armor: Skin              ||     1
Dodge: Dodged            ||    12

Table legend: (Time is in decaauts)
 A = Elapsed time spent in this place.
 B = Non-inter-level travel time spent in this place.
 C = Inter-level travel time spent in this place.
 D = Time resting spent in this place.
 E = Time spent auto-exploring this place.
 F = Levels seen in this place.
 G = Mean time per level.
                   A        B        C        D        E       F      G
               +--------+--------+--------+--------+--------+-----+--------+
         Total |    314 |    314 |      0 |      0 |      0 |   5 |   62.8 |
       Dungeon |    314 |    314 |      0 |      0 |      0 |   5 |   62.8 |
               +--------+--------+--------+--------+--------+-----+--------+

Top non-repeatable levels by time:
     D:4: 155 daAuts
     D:1: 66 daAuts
     D:2: 36 daAuts
     D:3: 34 daAuts
     D:5: 21 daAuts
